 Dungeon Crawl Stone Soup version 0.12.2-35-g1c9f977 (webtiles) character file.

13942 RunicPegasusPony the Markscentaur (level 11, 0/79 HPs)
             Began as a Centaur Hunter on Sept 13, 2013.
             Was a High Priest of Okawaru.
             Slain by a killer bee (2 damage)
             ... on Level 12 of the Dungeon.
             The game lasted 01:19:24 (12418 turns).

RunicPegasusPony the Markscentaur (Centaur Hunter) Turns: 12418, Time: 01:19:24

HP   0/79        AC  7     Str 14      XL: 11   Next: 74%
MP   7/7         EV 15     Int 10      God: Okawaru [*****.]
Gold 605         SH  0     Dex 13 (14) Spells:  0 memorised, 10 levels left

Res.Fire  : + . .   See Invis. : +   b - +2,+5 bow
Res.Cold  : + . .   Warding    : .   d - +0 leather armour
Life Prot.: . . .   Conserve   : .   (no shield)
Res.Poison: +       Res.Corr.  : .   (no helmet)
Res.Elec. : +       Clarity    : +   u - +0 dwarf cloak
Sust.Abil.: . .     Spirit.Shd : .   l - +0 pair of gauntlets
Res.Mut.  : .       Stasis     : .   (no barding)
Res.Rott. : .       Ctrl.Telep.: .   e - amulet of clarity
Saprovore : . . .   Flight     : .   o - ring of see invisible
                                     k - +4 ring of evasion

@: invisible, very quick, somewhat resistant to hostile enchantments, unstealthy
A: hooves 3, deformed body, herbivore 1, speed 2, fast metabolism 1, tough skin
3
a: Heroism, Finesse, Renounce Religion


You were on level 12 of the Dungeon.
You worshipped Okawaru.
Okawaru was exalted by your worship.
You were not hungry.

You visited 2 branches of the dungeon, and saw 13 of its levels.

You collected 585 gold pieces.

Inventory:

Hand weapons
 a - a +0,+0 short sword
 b - a +2,+5 bow (weapon)
 g - a +0,+0 short sword
 s - a +0,+0 quarterstaff
 C - a +1,+1 bow
 D - the cursed +6,+6 quarterstaff of Vanity {crush, rPois rC++, unknown}
   (You found it on level 9 of the Dungeon)

   It inflicts extra damage upon your enemies.
   It greatly protects you from cold.
   It protects you from poison.
   It has a curse placed upon it.
 P - a +0,+0 bow
Missiles
 c - 184 arrows (quivered)
 F - 60 arrows of flame
 O - 28 arrows of frost
 T - 18 poisoned arrows
Armour
 d - a +0 leather armour (worn)
 l - a +0 pair of gauntlets (worn)
 u - a +0 dwarven cloak (worn)
 G - a +0 centaur barding of flying
Magical devices
 n - a wand of digging (11) {unknown}
 y - a wand of fireball (5) {unknown}
 z - a wand of fire (7) {unknown}
 B - a wand of magic darts (20) {unknown}
 J - a wand of magic darts (10) {unknown}
 N - a wand of cold (6) {unknown}
 S - a wand of draining (6) {unknown}
Comestibles
 f - 6 bread rations
Scrolls
 v - 4 scrolls of remove curse
 A - 2 scrolls of enchant weapon II
 U - 2 scrolls of identify
 W - 2 scrolls of fog
Jewellery
 e - an amulet of clarity (around neck)
 j - a cursed +2 ring of protection {unknown}
 k - a +4 ring of evasion (left hand)
 m - an uncursed ring of regeneration {unknown}
 o - a ring of see invisible (right hand)
 q - an uncursed ring of poison resistance {unknown}
 H - a +4 ring of intelligence {unknown}
 K - an uncursed ring of protection from fire {unknown}
 L - a +4 ring of intelligence {unknown}
Potions
 i - a potion of mutation
 p - a potion of might
 r - a potion of gain strength
 x - 2 potions of restore abilities
 I - a potion of cure mutation {unknown}
 Q - a potion of poison {unknown}
 R - a potion of agility {unknown}
 V - a potion of invisibility
Books
 w - a book of Conjurations

   Spells                             Type                      Level
   Magic Dart                         Conjuration                  1
   Force Lance                        Conjuration                  2
   Dazzling Spray                     Conjuration/Hexes            3
   Iskenderun's Mystic Blast          Conjuration                  4
   Iskenderun's Battlesphere          Conjuration/Charms           4
   Fulminant Prism                    Conjuration/Hexes            5
 M - Huimy's Guide on Bewitching Stolen Souls {unknown}
   (You found it on level 8 of the Dungeon)

   Spells                             Type                      Level
   Pain                               Necromancy                   1
   Vampiric Draining                  Necromancy                   3
   Polymorph                          Hexes/Transmutation          4
   Tukima's Dance                     Hexes                        5
   Simulacrum                         Ice/Necromancy               6


   Skills:
 + Level 1.0 Fighting
 + Level 20.8 Bows
 + Level 3.3 Armour
 + Level 4.6 Dodging
 + Level 2.2 Stealth
 + Level 2.2 Traps


You had 10 spell levels left.
You didn't know any spells.

Dungeon Overview and Level Annotations

Branches:
Dungeon (12/27)            Temple (1/1) D:6             Orc (0/4) D:8
   Lair (0/8) D:8

Altars:
Ashenzari
Cheibriados
Elyvilon
Fedhas
Kikubaaqudgha
Makhleb
Nemelex Xobeh
Okawaru
Sif Muna
Trog
Vehumet
Xom
Yredelemnul
Zin
the Shining One

Shops:
D:4: + D:8: +


Innate Abilities, Weirdness & Mutations

You have hooves in place of feet.
Armour fits poorly on your strangely shaped body.
You digest meat inefficiently.
You cover ground very quickly.
You have a fast metabolism.
You have extremely tough skin (AC +3).


Message History

Drink which item? (? for menu, Esc to quit)
You feel better. The killer bee stings you.
* * * LOW HITPOINT WARNING * * *
The killer bee closely misses you.
The killer bee stings you but does no damage.
The killer bee closely misses you.
Drink which item? (? for menu, Esc to quit)
You fade into invisibility!
It was a potion of invisibility.
The killer bee closely misses you. The killer bee stings you!
* * * LOW HITPOINT WARNING * * *
The killer bee closely misses you. The killer bee closely misses you.
The killer bee stings you but does no damage.
The killer bee completely misses you. The killer bee misses you.
The killer bee misses you.
There is a stone staircase leading down here.
The killer bee stings you.
You die...

....J....# #..........
.........# ##...#......
..####Y.)####...##.....#
).# ###YY##....# ...##
..# #.......## ..## #..#
#.Y.....# #..# #..#
##......###..# ##..#
#.......##...#
...#....##..kk@..#
..$...#####...##..#
..#... #...## ....
###... #..## ..## #...
....# .# . ....## . ....
.... #


You could see a yak and 2 killer bees.

Vanquished Creatures
  The ghost of adg the Cleaver, a powerful HOBe of Trog (D:11)
  The ghost of Protee the Conjurer, a powerful DEWz of Sif Muna (D:11)
  4 hill giants
  An unseen horror (D:11)
  A cyclops (D:11)
  A feature mimic (D:9)
  A hill giant zombie (D:8)
  Sonja (D:11)
  Prince Ribbit (D:9)
  The ghost of slartie the Cleaver, an average HOBe of Trog (D:4)
  A wyvern (D:8)
  Eustachio (D:9)
  A hungry ghost (D:11)
  16 yaks
  Edmund (D:7)
  A necrophage (D:7)
  Menkaure (D:7)
  A hippogriff (D:7)
  2 orc warriors
  A giant goldfish zombie (D:8)
  2 ice beasts
  3 sky beasts
  A hippogriff zombie (D:12)
  A cyclops skeleton (D:11)
  5 ogres
  6 centaurs
  A troll skeleton (D:11)
  A yak skeleton (D:11)
  Sigmund (D:3)
  3 giant frogs
  A centaur skeleton (D:4)
  A giant frog skeleton (D:8)
  A water moccasin skeleton (D:4)
  2 jellyfish (D:8)
  9 wights
  2 killer bees (D:12)
  11 crimson imps
  A mottled dragon skeleton (D:7)
  An ogre skeleton (D:5)
  A big kobold skeleton (D:10)
  A quasit (D:11)
  5 hounds
  3 orc priests
  A gnoll shaman (D:6)
  4 big fish (D:8)
  A hound skeleton (D:4)
  6 worker ants
  4 iguanas
  2 scorpions (D:7)
  6 orc wizards
  4 sheep (D:11)
  Jessica (D:3)
  3 jellies
  7 gnolls
  8 adders
  A giant mite (D:5)
  A white imp (D:11)
  5 worms
  2 bat zombies (D:8)
  5 giant eyeballs
  5 giant geckos
  2 oozes
  22 orcs
  2 ball pythons
  9 bats
  6 giant cockroaches
  12 goblins
  8 hobgoblins
  14 jackals
  4 giant newts
  A giant spore (D:9)
  18 kobolds
  4 quokkas
  16 rats
  A rat skeleton (D:5)
  3 ballistomycetes (D:9)
290 creatures vanquished.

Vanquished Creatures (others)
  A wraith (D:10)
1 creature vanquished.

Grand Total: 291 creatures vanquished

Notes
Turn   | Place    | Note
--------------------------------------------------------------
     0 | D:1      | RunicPegasusPony, the Centaur Hunter, began the quest for the Orb.
     0 | D:1      | Reached XP level 1. HP: 17/17 MP: 0/0
   301 | D:1      | Reached XP level 2. HP: 21/24 MP: 1/1
   379 | D:1      | Reached skill level 6 in Bows
   862 | D:2      | Reached XP level 3. HP: 29/29 MP: 2/2
  1361 | D:2      | Reached skill level 7 in Bows
  1362 | D:2      | Found a bloodstained altar of Trog.
  1548 | D:3      | Reached XP level 4. HP: 36/36 MP: 2/2
  1605 | D:3      | Found a bloodstained altar of Trog.
  1721 | D:3      | Noticed Sigmund
  1729 | D:3      | Killed Sigmund
  1729 | D:3      | Reached skill level 1 in Armour
  1729 | D:3      | Reached XP level 5. HP: 31/41 MP: 3/3
  1860 | D:3      | Noticed Jessica
  1866 | D:3      | Killed Jessica
  1866 | D:3      | Reached skill level 8 in Bows
  2673 | D:4      | Noticed an ogre
  2691 | D:4      | Killed an ogre
  2691 | D:4      | Reached skill level 9 in Bows
  2691 | D:4      | Reached XP level 6. HP: 48/48 MP: 4/4
  2846 | D:4      | Found Klaemp's Book Shop.
  3210 | D:4      | Reached skill level 10 in Bows
  3210 | D:4      | Reached skill level 1 in Traps
  3238 | D:4      | Noticed an ogre
  3240 | D:4      | Killed an ogre
  3240 | D:4      | Reached XP level 7. HP: 53/53 MP: 4/4
  3368 | D:4      | Noticed slartie's ghost (average HOBe)
  3405 | D:4      | Killed slartie's ghost
  3405 | D:4      | Reached skill level 11 in Bows
  3800 | D:5      | Entered Level 5 of the Dungeon
  3826 | D:5      | Found a glowing golden altar of the Shining One.
  3852 | D:5      | Paralysed by a giant eyeball for 2 turns
  3962 | D:5      | Reached XP level 8. HP: 61/61 MP: 5/5
  3994 | D:5      | Reached skill level 1 in Stealth
  5001 | D:6      | Reached skill level 12 in Bows
  5133 | D:6      | Found a staircase to the Ecumenical Temple.
  5159 | Temple   | Entered the Ecumenical Temple
  5974 | D:7      | Reached skill level 13 in Bows
  5983 | D:7      | Found an iron altar of Okawaru.
  6001 | D:7      | Became a worshipper of Warmaster Okawaru
  6188 | D:7      | Noticed Edmund
  6215 | D:7      | Killed Edmund
  6373 | D:7      | Reached XP level 9. HP: 67/67 MP: 6/6
  6544 | D:7      | Noticed Menkaure
  6549 | D:7      | Killed Menkaure
  6660 | D:7      | Acquired Okawaru's first power
  6749 | D:7      | Reached skill level 14 in Bows
  6780 | D:7      | Noticed a polar bear
  6782 | D:7      | Noticed a polar bear
  6782 | D:7      | Noticed a polar bear
  7054 | D:7      | Noticed a polar bear
  7055 | D:7      | Noticed a polar bear
  7552 | D:8      | Found Quzauhel's Book Shop.
  7673 | D:8      | Found a staircase to the Orcish Mines.
  7801 | D:8      | Found a staircase to the Lair.
  7816 | D:8      | Reached skill level 15 in Bows
  7844 | D:8      | Got a glistering book
  8611 | D:8      | Reached XP level 10. HP: 73/73 MP: 6/6
  8614 | D:8      | Found an ancient bone altar of Kikubaaqudgha.
  8759 | D:9      | Got a steaming quarterstaff
  8767 | D:9      | Noticed a hill giant
  8784 | D:9      | Killed a hill giant
  8784 | D:9      | Reached skill level 16 in Bows
  8808 | D:9      | Noticed Prince Ribbit
  8813 | D:9      | Killed Prince Ribbit
  8988 | D:9      | Noticed Eustachio
  8994 | D:9      | Killed Eustachio
  9229 | D:9      | Received a gift from Okawaru
  9502 | D:9      | Reached skill level 17 in Bows
  9667 | D:10     | Entered Level 10 of the Dungeon
  9787 | D:10     | Noticed a hill giant
  9794 | D:10     | Killed a hill giant
  9944 | D:10     | Noticed a hill giant
  9951 | D:10     | Killed a hill giant
 10241 | D:10     | Paralysed by a giant eyeball for 2 turns
 10474 | D:11     | Reached skill level 18 in Bows
 10633 | D:11     | Noticed a hill giant
 10638 | D:11     | Killed a hill giant
 10666 | D:11     | Noticed adg's ghost (powerful HOBe)
 10740 | D:11     | Killed adg's ghost
 10740 | D:11     | Acquired Okawaru's second power
 10740 | D:11     | Received a gift from Okawaru
 10740 | D:11     | Reached XP level 11. HP: 68/79 MP: 7/7
 10849 | D:11     | Noticed a cyclops
 10885 | D:11     | Reached skill level 19 in Bows
 10975 | D:11     | Killed a cyclops
 11055 | D:11     | Paralysed by a giant eyeball for 2 turns
 11111 | D:11     | Received a gift from Okawaru
 11193 | D:11     | Noticed Protee's ghost (powerful DEWz)
 11202 | D:11     | Killed Protee's ghost
 11202 | D:11     | Reached skill level 20 in Bows
 11208 | D:11     | Noticed an unseen horror
 11224 | D:11     | Killed an unseen horror
 11224 | D:11     | Received a gift from Okawaru
 11455 | D:11     | Noticed Sonja
 11487 | D:11     | Killed Sonja
 11896 | D:11     | Received a gift from Okawaru
 12325 | D:12     | Received a gift from Okawaru
 12407 | D:12     | HP: 1/79 [killer bee (7)]
 12418 | D:12     | Slain by a killer bee

Action                   |  1- 3 |  4- 6 |  7- 9 | 10-12 || total
-------------------------+-------+-------+-------+-------++-------
 Fire: Bow               |    80 |   124 |   326 |   384 ||   914
  Use: Scroll            |     4 |    12 |     8 |    10 ||    34
       Potion            |       |       |       |    15 ||    15
